 Dungeon Crawl Stone Soup version 0.28-a0-794-gafe8c5f9e9 (webtiles) character file.

Game seed: 4181149282154794002

44 pokeman the Magician (level 3, 0/20 HPs)
             Began as a Deep Elf Hedge Wizard on Nov 5, 2021.
             Succumbed to a scorpion's poison
             ... on level 4 of the Dungeon.
             The game lasted 00:03:13 (2046 turns).

pokeman the Magician (Deep Elf Hedge Wizard)        Turns: 2046, Time: 00:03:13

Health: 0/20       AC:  3    Str:  7    XL:     3   Next: 39%
Magic:  0/11       EV: 11    Int: 19    God:
Gold:   75         SH:  0    Dex: 14    Spells: 1/12 levels left

rFire   . . .      SeeInvis .   h - +0 spear
rCold   . . .      Faith    .   (no shield)
rNeg    . . .      Spirit   .   g - +0 leather armour
rPois   .          Reflect  .   c - +0 hat
rElec   .          Harm     .   (no cloak)
rCorr   .          Rampage  .   (no gloves)
Will    .....                   (no boots)
Stlth   ++........              (no amulet)
HPRegen 0.06/turn               (no ring)
MPRegen 0.12/turn               (no ring)

@: lethally poisoned (0 -> -5)
A: no striking features
a: no special abilities


You were on level 4 of the Dungeon.
You visited 1 branch of the dungeon, and saw 3 of its levels.

You collected 75 gold pieces.

Inventory:

Hand Weapons
 h - a +0 spear (weapon)
Armour
 c - a +0 hat (worn)
 g - a +0 leather armour (worn)
Scrolls
 a - a scroll of summoning {unknown}
 d - 2 scrolls of identify {unknown}
 e - a scroll of noise {unknown}
 f - 2 scrolls of amnesia {unknown}
 i - a scroll of teleportation {unknown}
Potions
 b - a potion of berserk rage {unknown}


   Skills:
 + Level 0.8 Fighting
 + Level 0.9 Armour
 - Level 2.4 Dodging
 - Level 2.4 Stealth
 * Level 5.2 Spellcasting
 + Level 1.8 Conjurations
 - Level 1.1 Summonings
 - Level 1.1 Translocations


You had one spell level left.
You knew the following spells:

 Your Spells              Type           Power      Damage    Failure   Level
a - Magic Dart            Conj           48%        1d5       9%          1
b - Mephitic Cloud        Conj/Pois/Air  7%         N/A       38%         3
c - Call Imp              Summ           9%         N/A       17%         2
d - Blink                 Tloc           18%        N/A       17%         2
e - Conjure Flame         Conj/Fire      8%         6-21      34%         3

Your spell library contained the following spells:

 Spells                   Type           Power      Damage    Failure   Level
 Slow                     Hex            16%        N/A       19%         1
 Dispersal                Tloc           4%         N/A       100%        6
 Disjunction              Tloc           4%         N/A       100%        8


Dungeon Overview and Level Annotations

Branches:
Dungeon (2/15)

Altars:

Annotations:
D:4 1 transporter, ALWAYSlose's ghost, amateur DsGl


Message History

The dart slug bites you.
You hit the dart slug but do no damage.
The dart slug is almost dead.
You hit the dart slug.
You kill the dart slug!
i - a scroll labelled SICVORPH TYAC
Things that are here:
a +0 club; a kobold corpse A scorpion comes into view.
Found a bubbling puce potion.
An orc comes into view. It is wielding a +0 hand axe.
The orc shouts!
Casting: Magic Dart (safe; 9% risk of failure)
Confirm with . or Enter, or press ? or * to list all spells.
The spell is potentially lethal to cast (38% risk of failure)!
Continue anyway?
Aiming: Mephitic Cloud (potentially lethal; 38% risk of failure)
Press: ? - help, Shift-Dir - straight line The ball explodes into a vile cloud!
The stinking cloud engulfs the orc but does no damage.
The stinking cloud engulfs the scorpion but does no damage.
The scorpion misses you.
The orc is engulfed in noxious fumes.
The orc appears confused.
The orc ponders the situation.
Unknown command.
Unknown command.
Casting: Mephitic Cloud (potentially lethal; 38% risk of failure)
Confirm with . or Enter, or press ? or * to list all spells.
You don't have enough magic to cast this spell.
Unknown command.
Unknown command.
Unknown command.
The scorpion stings you!
* * * LOW HITPOINT WARNING * * *
You are lethally poisoned!
The scorpion poisons you!
The orc is engulfed in noxious fumes.
The orc appears confused.
The scorpion stings you but does no damage.
* * * LOW HITPOINT WARNING * * *
You feel sick.
You die...

#..#..#.#.#.#..##.#
# ##.#.###.⌠.###.
#.# # #.#..#.#.# ..
..# # #○..#.#.#.
.#. ..# # #..#.⌠.#
.⌠.# #.# #
#...#.#.# # #...###
# ##.s.## # ####@#
# ##..# #...# ####


You could see a scorpion.

Vanquished Creatures
  A gnoll (D:1)
  A worm (D:4)
  A dart slug (D:4)
  5 ball pythons (D:1)
  2 endoplasms
  3 giant cockroaches (D:1)
  3 hobgoblins (D:1)
  A jackal (D:4)
  A kobold (D:4)
  A quokka (D:2)
  7 bats (D:1)
  A goblin (D:1)
27 creatures vanquished.

Notes
Turn   | Place    | Note
-------+----------+-------------------------------------------
     0 | D:1      | pokeman the Deep Elf Hedge Wizard began the quest for the
                  | Orb.
     0 | D:1      | Reached XP level 1. HP: 10/10 MP: 7/7
   580 | D:1      | Reached XP level 2. HP: 15/15 MP: 1/9
  1675 | D:1      | Reached skill level 5 in Spellcasting
  1675 | D:1      | Reached XP level 3. HP: 17/20 MP: 1/11
  1679 | D:1      | Learned a level 3 spell: Mephitic Cloud
  1682 | D:1      | Learned a level 2 spell: Call Imp
  1685 | D:1      | Learned a level 2 spell: Blink
  1689 | D:1      | Learned a level 3 spell: Conjure Flame
  1865 | D:2      | You fall into a shaft and drop 2 floors!
  1875 | D:4      | Found a transporter.
  1875 | D:4      | Noticed ALWAYSlose's ghost (amateur DsGl)
  1876 | D:4      | Noticed a scorpion
  2029 | D:4      | Noticed a scorpion
  2045 | D:4      | HP: 1/20 [poisoned by a scorpion]
  2046 | D:4      | Succumbed to a scorpion's poison

Illustrated notes

Levels and vault maps discovered:
D:1:      wander_arrival_chamber, layout_basic, minmay_curled_crystal,
          hex_medium, minmay_shallow_snake_nest
D:2:      layout_loops_ring, serial_shops, shop, serial_bayou_pond_e,
          hangedman_abyss_or_decor_stabs, kennysheep_boxes
D:4:      layout_loops_cross, gammafunk_ghost_arena, grunt_decor_mini_mirrors,
          uniq_blork_the_orc

Skill      XL: |  1  2 |
---------------+-------+-----
Spellcasting   | 5 |  5.2
Fighting       | |  0.8
Armour         | |  0.9
Dodging        | |  2.4
Stealth        | |  2.4
Conjurations   | |  1.8
Summonings     | |  1.1
Translocations | |  1.1

Action                   || total
-------------------------++-------
Melee: Dagger            ||     5
       Spear             ||     4
 Cast: Magic Dart        ||    94
       Mephitic Cloud    ||     1
Armor: Robe              ||     3
       Leather armour    ||     4
Dodge: Dodged            ||    17

Table legend: (Time is in decaauts)
 A = Elapsed time spent in this place.
 B = Non-inter-level travel time spent in this place.
 C = Inter-level travel time spent in this place.
 D = Time resting spent in this place.
 E = Time spent auto-exploring this place.
 F = Levels seen in this place.
 G = Mean time per level.
                   A        B        C        D        E       F      G
               +--------+--------+--------+--------+--------+-----+--------+
         Total |   2045 |   2027 |     18 |      0 |   1755 |   3 |  681.7 |
       Dungeon |   2045 |   2027 |     18 |      0 |   1755 |   3 |  681.7 |
               +--------+--------+--------+--------+--------+-----+--------+

Top non-repeatable levels by time:
     D:1: 1774 daAuts
     D:4: 181 daAuts
     D:2: 89 daAuts
